 Dungeon Crawl Stone Soup version 0.29.0-4-gdea44cf6ec (webtiles) character file.

Game seed: 2493214320300645515

37 qw the Chopper (level 3, 0/21 HPs)
             Began as a Tengu Warper on Aug 28, 2022.
             Slain by Terence
             ... wielding a +0 falchion
              (3 damage)
             ... on level 2 of the Dungeon.
             The game lasted 00:00:06 (1289 turns).

qw the Chopper (Tengu Warper)                       Turns: 1289, Time: 00:00:07

Health: 0/21       AC:  4    Str: 13    XL:     3   Next: 39%
Magic:  7/7        EV: 12    Int: 13    God:
Gold:   95         SH:  0    Dex: 13    Spells: 6/6 levels left

rFire   . . .      SeeInvis .   Y - +0 hand axe
rCold   . . .      Faith    .   (no shield)
rNeg    . . .      Spirit   .   b - +0 leather armour
rPois   .          Reflect  .   (helmet restricted)
rElec   .          Harm     .   (no cloak)
rCorr   .          Rampage  .   m - +0 pair of gloves
Will    .....                   (boots unavailable)
Stlth   +.........              (no amulet)
HPRegen 0.07/turn               (no ring)
MPRegen 0.10/turn               (no ring)

@: about to teleport
A: beak, talons 3
a: no special abilities


You were on level 2 of the Dungeon.
You visited 1 branch of the dungeon, and saw 2 of its levels.

You collected 95 gold pieces.


Innate Abilities, Weirdness & Mutations

You have a beak for a mouth.
You have claws for feet.


   Skills:
 - Level 2.0 Fighting
 + Level 4.1 Axes
 - Level 1.0 Throwing
 - Level 1.1 Armour
 - Level 2.1 Dodging
 - Level 2.0 Spellcasting
 - Level 2.4 Translocations


You had 6 spell levels left.
You didn't know any spells.
Your spell library contained the following spells:

 Spells                   Type           Power      Damage    Failure   Level
 Blink                    Tloc           14%        N/A       19%         2
 Gell's Gravitas          Tloc           7%         N/A       36%         3
 Lesser Beckoning         Tloc           7%         N/A       36%         3
 Teleport Other           Tloc           7%         N/A       36%         3
 Manifold Assault         Tloc           7%         N/A       98%         5

Inventory:

Hand Weapons
 h - a +0 club
 Y - a +0 hand axe (weapon)
Missiles
 g - 5 javelins (quivered)
Armour
 b - a +0 leather armour (worn)
 m - a +0 pair of gloves (worn)
Scrolls
 e - a scroll of teleportation
 f - a scroll of identify
Potions
 i - a potion of ambrosia {unknown}
 j - a potion of flight {unknown}

Dungeon Overview and Level Annotations

Branches:
Dungeon (2/15)

Altars:

Shops:
D:1 !

Annotations:
D:2 Terence


Message History

You climb downwards.
Terence shouts!
Found a stone staircase leading up.
There is a stone staircase leading up here.
There are monsters nearby!
Existing waypoints: (2) D:1 Assign waypoint to what number? (0-9, D - delete waypoint) Waypoint 1 assigned to D:2.
Enter note: You closely miss the frilled lizard.
The frilled lizard hisses angrily.
Your kick misses the frilled lizard.
An adder comes into view.
The frilled lizard closely misses you.
1282 ||| STAIRDANCE The frilled lizard bites you but does no damage.
You climb upwards.
There is a stone staircase leading down here.
You closely miss the frilled lizard. You claw the frilled lizard.
You kill the frilled lizard!
Done exploring.
(D) Dungeon
Where to? (* - list waypoints, Enter - D:2, ? - help)
What level of the Dungeon? (default 1, ? - help)
You climb downwards.
Level annotation: Terence Terence hits you with a +0 falchion.
There is a stone staircase leading up here.
You hit Terence. You claw Terence, but do no damage.
Terence is lightly wounded.
Terence hits you with a +0 falchion!
You barely miss Terence. Your kick misses Terence.
Terence is lightly wounded.
Terence hits you with a +0 falchion!
1289 ||| READING 2 scrolls of teleportation.
As you read the scroll of teleportation, it crumbles to dust.
You feel strangely unstable. Terence hits you with a +0 falchion.
You die...

....
...... ...
.....
..###....
.......
.....
.#####...
........##
#@@# ##.#
<.. .....
.......
....#..
..... .
.....#


You could see Terence.

Vanquished Creatures
  A dart slug (D:1)
  4 ball pythons (D:1)
  2 endoplasms (D:1)
  3 giant cockroaches (D:1)
  2 hobgoblins (D:1)
  2 jackals (D:1)
  2 kobolds (D:1)
  5 quokkas (D:1)
  3 bats (D:1)
  2 frilled lizards (D:1)
  3 goblins (D:1)
  2 rats (D:1)
31 creatures vanquished.

Notes
Turn   | Place    | Note
-------+----------+-------------------------------------------
     0 | D:1      | qw the Tengu Warper began the quest for the Orb.
     0 | D:1      | Reached XP level 1. HP: 12/12 MP: 4/4
     0 | D:1      | 0 ||| qw: Version: 0.1-a-89-g26bdef1
     0 | D:1      | 0 ||| qw: Game counter: 2128
     0 | D:1      | 0 ||| qw: Always use a shield: true
     0 | D:1      | 0 ||| qw: God list: Okawaru
     0 | D:1      | 0 ||| qw: Allow faded altars: false
     0 | D:1      | 0 ||| qw: Do Orc after D:15 true
     0 | D:1      | 0 ||| qw: Do second Lair branch before Depths: true
     0 | D:1      | 0 ||| qw: Lair rune preference: random
     0 | D:1      | 0 ||| qw: Plans: Normal
     0 | D:1      | 0 ||| PLANNING D:1-11
   170 | D:1      | 170 ||| Stepping ~*~*~tactically~*~*~ (stealth).
   250 | D:1      | Reached skill level 3 in Axes
   250 | D:1      | Reached XP level 2. HP: 17/17 MP: 6/6
   328 | D:1      | 328 ||| Stepping ~*~*~tactically~*~*~ (stealth).
   432 | D:1      | Found a faded altar of an unknown god.
   440 | D:1      | Found Olimeceg's Distillery.
   449 | D:1      | 449 ||| SHOPLISTING potion of curing (33 gold, have 20).
   449 | D:1      | 449 ||| SHOPLISTING potion of haste (110 gold, have 20).
   462 | D:1      | 462 ||| Stepping ~*~*~tactically~*~*~ (stealth).
   464 | D:1      | 464 ||| Stepping ~*~*~tactically~*~*~ (stealth).
   469 | D:1      | 469 ||| Stepping ~*~*~tactically~*~*~ (stealth).
   713 | D:1      | 713 ||| Stepping ~*~*~tactically~*~*~ (hiding).
   724 | D:1      | Reached XP level 3. HP: 21/21 MP: 7/7
   793 | D:1      | 793 ||| Stepping ~*~*~tactically~*~*~ (stealth).
   795 | D:1      | Reached skill level 4 in Axes
   795 | D:1      | 795 ||| Stepping ~*~*~tactically~*~*~ (stealth).
   798 | D:1      | 798 ||| Stepping ~*~*~tactically~*~*~ (stealth).
   800 | D:1      | 800 ||| Stepping ~*~*~tactically~*~*~ (stealth).
   806 | D:1      | 806 ||| Stepping ~*~*~tactically~*~*~ (stealth).
   807 | D:1      | 807 ||| Stepping ~*~*~tactically~*~*~ (stealth).
   808 | D:1      | 808 ||| Stepping ~*~*~tactically~*~*~ (stealth).
   809 | D:1      | 809 ||| Stepping ~*~*~tactically~*~*~ (stealth).
   953 | D:1      | 953 ||| Stepping ~*~*~tactically~*~*~ (stealth).
   965 | D:1      | 965 ||| Stepping ~*~*~tactically~*~*~ (stealth).
  1210 | D:1      | 1210 ||| UPGRADING to +0 pair of gloves.
  1215 | D:1      | 1215 ||| DROPPING ring of wizardry.
  1216 | D:1      | 1216 ||| READING 3 scrolls labelled IPLOAPNU UKHOO.
  1217 | D:1      | 1217 ||| READING 3 scrolls labelled HOFYDA HEXTUAPH.
  1221 | D:1      | 1221 ||| READING 2 scrolls labelled XAJAXU GEYWKAE.
  1222 | D:1      | 1222 ||| DRINKING 2 fuming pink potions.
  1256 | D:1      | 1256 ||| DROPPING 2 scrolls of amnesia.
  1257 | D:1      | 1257 ||| DROPPING scroll of blinking.
  1258 | D:1      | 1258 ||| DROPPING potion of lignification.
  1280 | D:2      | Noticed Terence
  1282 | D:2      | 1282 ||| STAIRDANCE
  1288 | D:2      | HP: 3/21 [Terence/+0 falchion (9)]
  1289 | D:2      | 1289 ||| READING 2 scrolls of teleportation.
  1289 | D:2      | Slain by Terence

Levels and vault maps discovered:
D:1:      evilmike_arrival_rings, layout_basic, basic_ecumenical_altar,
          serial_shops, nicolae_shop_trees, minmay_vboxes
D:2:      layout_rooms, uniq_terence

Skill      XL: |  1  2  3 |
---------------+----------+-----
Axes           | 3 4 |  4.1
Fighting       | |  2.0
Throwing       | |  1.0
Armour         | |  1.1
Dodging        | |  2.1
Spellcasting   | |  2.0
Translocations | |  2.4

Action                   || total
-------------------------++-------
Melee: Hand axe          ||    56
       Kick              ||    10
       Peck              ||     4
       Punch             ||     1
Throw: Boomerang         ||     7
       Javelin           ||    10
  Use: Scroll            ||     4
       Potion            ||     1
Armor: Leather armour    ||     8
Dodge: Dodged            ||    23

Table legend:
 A = Non-vault XP
 B = Vault XP
 C = Vault XP percentage of total XP
 D = Non-vault monster count
 E = Vault monster count
 F = Vault count percentage of total count
                 A         B        C        D         E       F
            +---------+---------+-------+---------+---------+-------
      Total |      39 |      14 |  26.4 |      23 |       8 |  25.8
            +---------+---------+-------+---------+---------+-------
        D:1 |      39 |      14 |  26.4 |      23 |       8 |  25.8
            +---------+---------+-------+---------+---------+-------
